 Dungeon Crawl Stone Soup version 0.18.1-6-gd335043 (webtiles) character file.

1138 Mefis the Magician (level 8, -1/41 HPs)
             Began as a Deep Elf Wizard on May 19, 2016.
             Was an Initiate of Sif Muna.
             Slain by a black bear (4 damage)
             ... on level 7 of the Dungeon.
             The game lasted 00:15:27 (7161 turns).

Mefis the Magician (Deep Elf Wizard)                Turns: 7161, Time: 00:15:28

Health: -1/41      AC:  7    Str:  4    XL:     8   Next: 14%
Magic:  1/20       EV: 14    Int: 26    God:    Sif Muna [......]
Gold:   355        SH:  3    Dex: 13    Spells: 7 memorised, 5 levels left

rFire  . . .     SeeInvis .     E - +2 dagger (drain)
rCold  . . .     Gourm    .     a - +0 robe
rNeg   . . .     Faith    .     (no shield)
rPois  .         Spirit   .     r - +0 helmet
rElec  .         Dismiss  .     (no cloak)
rCorr  .         Reflect  +     (no gloves)
SustAt .         Harm     .     O - +0 pair of boots
MR     .....                    y - +3 amulet of reflection
Stlth  +++.......               (no ring)
                                k - +3 ring of protection

@: repel missiles, not resistant to hostile enchantments, fairly stealthy
A: no striking features
a: Renounce Religion


You were on level 7 of the Dungeon.
You worshipped Sif Muna.
Sif Muna was noncommittal.
You were not hungry.

You visited 2 branches of the dungeon, and saw 8 of its levels.

You collected 355 gold pieces.

Inventory:

Hand Weapons
 i - a +0 dagger
 q - a +2 dagger of freezing
 E - a +2 dagger of draining (weapon)
 T - a +0 hunting sling
Missiles
 p - 58 arrows
 R - 11 poisoned needles
Armour
 a - a +0 robe (worn)
 b - a +0 hat
 r - a +0 helmet (worn)
 s - a +0 buckler
 O - a +0 pair of boots (worn)
Jewellery
 k - a +3 ring of protection (left hand)
 x - an uncursed amulet of guardian spirit
 y - a +3 amulet of reflection (around neck)
 D - a +4 ring of strength {unknown}
 I - an uncursed ring of protection from fire {unknown}
Wands
 P - a wand of lightning (11/15)
 S - a wand of slowing (35/48)
Scrolls
 e - 4 scrolls of teleportation {unknown}
 f - 2 scrolls of magic mapping {unknown}
 g - 2 scrolls of enchant armour {unknown}
 h - 2 scrolls of noise {unknown}
 l - a scroll of fog {unknown}
 m - 9 scrolls of identify {unknown}
 o - 3 scrolls of random uselessness {unknown}
 v - 3 scrolls of remove curse {unknown}
 w - a scroll of amnesia {unknown}
 A - a scroll of immolation {unknown}
 C - 2 scrolls of enchant weapon {unknown}
 F - a scroll of fear {unknown}
Potions
 d - 3 potions of curing {unknown}
 j - a potion of might {unknown}
 u - a potion of invisibility {unknown}
 z - 2 potions of flight {unknown}
 B - a potion of agility {unknown}
 G - a potion of brilliance {unknown}
 J - a potion of degeneration {unknown}
 L - a potion of lignification {unknown}
 M - a potion of resistance {unknown}
 N - a potion of beneficial mutation {unknown}
 Q - 2 potions of heal wounds {unknown}
Books
 c - a book of Minor Magic

   Spells                             Type                      Level
   a - Magic Dart                     Conjuration                  1
   b - Blink                          Translocation                2
   c - Call Imp                       Summoning                    2
   d - Repel Missiles                 Charms/Air                   2
   e - Slow                           Hexes                        2
   f - Conjure Flame                  Conjuration/Fire             3
   g - Mephitic Cloud                 Conjuration/Poison/Air       3
 K - a book of Unlife

   Spells                             Type                      Level
   a - Recall                         Summoning/Translocation      3
   b - Animate Dead                   Necromancy                   4
   c - Control Undead                 Necromancy                   4
   d - Cigotuvi's Embrace             Necromancy                   5
   e - Death Channel                  Necromancy                   6
   f - Simulacrum                     Ice/Necromancy               6
Comestibles
 n - 5 meat rations
 t - 4 beef jerkies
 H - a bread ration


   Skills:
 + Level 4.8 Dodging
 + Level 5.4 Stealth
 + Level 6.7 Spellcasting
 + Level 5.1 Conjurations
 + Level 3.4 Hexes
 - Level 1.1 Summonings
 - Level 1.1 Translocations
 + Level 3.1 Fire Magic
 + Level 3.3 Poison Magic


You had 5 spell levels left.
You knew the following spells:

 Your Spells              Type           Power        Failure   Level  Hunger
a - Magic Dart            Conj           ####         1%          1    None
b - Call Imp              Summ           ##......     10%         2    None
c - Blink                 Tloc           N/A          10%         2    None
d - Repel Missiles        Chrm/Air       #.....       12%         2    None
e - Mephitic Cloud        Conj/Pois/Air  ###.....     8%          3    None
f - Conjure Flame         Conj/Fire      ####....     4%          3    None
g - Slow                  Hex            ####....     2%          2    None


Dungeon Overview and Level Annotations

Branches:
Dungeon (7/15)             Temple (1/1) D:4

Altars:
Ashenzari
Cheibriados
Dithmenos
Gozag
Kikubaaqudgha
Nemelex Xobeh
Pakellas
Qazlal
Sif Muna
Xom
Yredelemnul
Zin

Annotations:
D:1 glass safe
D:7 Zebura's ghost, novice GrBe


Message History

You see here a wooden wand.
Casting: Magic Dart
Confirm with . or Enter, or press ? or * to list all spells.
You blink.
The black bear bites you but does no damage.
The black bear claws you.
* * * LOW HITPOINT WARNING * * *
You block the black bear's attack. The black bear barely misses you.
The black bear claws you but does no damage.
You block the black bear's attack.
You hear the creaking of a very distant portcullis.
You block the black bear's attack. The black bear barely misses you. x2
The black bear bites you.
* * * LOW HITPOINT WARNING * * *
The black bear claws you.
* * * LOW HITPOINT WARNING * * *
The black bear claws you but does no damage.
The black bear misses you. The black bear claws you.
You die...

#..[.........#
#............#
#######......#
#......#
#......#
#......#
#......#
#######......#
#.....@###+###
#.....h#
#......#
#../...#
#......#
#......#
#......#
########


You could see a black bear (berserk).

Vanquished Creatures
  A hungry ghost (D:7)
  An ice beast (D:6)
  An ogre (D:6)
  A giant frog (D:6)
  A water moccasin skeleton (D:7)
  2 crimson imps (D:5)
  A giant frog zombie (D:6)
  2 orc wizards
  2 orc priests
  2 centaur skeletons (D:5)
  2 hounds
  An iguana (D:6)
  2 worker ants (D:4)
  2 hound skeletons (D:5)
  3 gnolls (D:3)
  A howler monkey skeleton (D:6)
  8 adders
  A shadow imp (D:5)
  2 oozes
  3 adder skeletons
  An adder zombie (D:5)
  4 worms
  2 dart slugs (D:1)
  3 giant geckos
  17 orcs
  2 ball pythons
  8 bats
  3 giant cockroaches
  8 goblins
  5 hobgoblins
  10 jackals
  A quokka (D:2)
  A giant gecko skeleton (D:4)
  3 giant newts
  6 kobolds
  A quokka skeleton (D:5)
  6 rats
  A spectral orc (D:5)
121 creatures vanquished.

Vanquished Creatures (collateral kills)
  A wyvern skeleton (D:7)
1 creature vanquished.

Grand Total: 122 creatures vanquished

Notes
Turn   | Place    | Note
--------------------------------------------------------------
     0 | D:1      | Mefis the Deep Elf Wizard began the quest for the Orb.
     0 | D:1      | Reached XP level 1. HP: 10/10 MP: 7/7
   220 | D:1      | Reached XP level 2. HP: 15/15 MP: 4/9
   227 | D:1      | Learned a level 2 spell: Call Imp
   230 | D:1      | Learned a level 2 spell: Blink
   233 | D:1      | Learned a level 2 spell: Repel Missiles
   731 | D:2      | Reached XP level 3. HP: 19/19 MP: 2/11
   805 | D:2      | Learned a level 3 spell: Mephitic Cloud
   808 | D:2      | Found a stormy altar of Qazlal.
  1306 | D:2      | Reached XP level 4. HP: 24/24 MP: 10/12
  1835 | D:3      | Reached skill level 1 in Poison Magic
  2172 | D:3      | Reached skill level 5 in Spellcasting
  2420 | D:3      | Reached XP level 5. HP: 28/28 MP: 9/14
  2425 | D:3      | Learned a level 3 spell: Conjure Flame
  3042 | D:3      | You fall through a shaft for 2 floors!
  3042 | D:5      | Entered Level 5 of the Dungeon
  3098 | D:5      | Reached skill level 1 in Fire Magic
  3187 | D:5      | Reached XP level 6. HP: 32/32 MP: 9/16
  3191 | D:5      | Learned a level 2 spell: Slow
  3843 | D:4      | Found a staircase to the Ecumenical Temple.
  3960 | D:4      | Reached skill level 1 in Hexes
  4067 | Temple   | Entered the Ecumenical Temple
  5302 | D:5      | Reached XP level 7. HP: 34/36 MP: 9/17
  5431 | D:5      | Found a basalt altar of Yredelemnul.
  5685 | D:6      | Found a deep blue altar of Sif Muna.
  5691 | D:6      | Became a worshipper of Sif Muna the Loreminder
  5794 | D:6      | Reached skill level 6 in Spellcasting
  6331 | D:6      | Noticed a green ugly thing
  6454 | D:6      | Reached skill level 5 in Stealth
  7040 | D:7      | Reached skill level 5 in Conjurations
  7056 | D:7      | Found an opulent altar of Gozag.
  7074 | D:7      | Noticed a hungry ghost
  7078 | D:7      | Noticed Zebura's ghost (novice GrBe)
  7140 | D:7      | Killed a hungry ghost
  7140 | D:7      | Reached XP level 8. HP: 39/41 MP: 4/20
  7161 | D:7      | Slain by a black bear

Skill      XL: |  1  2  3  4  5  6  7 |
---------------+----------------------+-----
Conjurations   | 2 3 4 5 |  5.1
Stealth        | 3 4 5 |  5.4
Poison Magic   | 1 2 3 |  3.3
Spellcasting   | 5 6 |  6.7
Dodging        | 3 4 |  4.8
Fire Magic     | 1 2 3 |  3.1
Hexes          | 1 3 |  3.4
Summonings     | |  1.1
Translocations | |  1.1

Action                   |  1- 3 |  4- 6 |  7- 9 || total
-------------------------+-------+-------+-------++-------
Melee: Unarmed           |     1 |       |       ||     1
       Dagger            |     2 |     9 |    16 ||    27
 Cast: Magic Dart        |    81 |   207 |    92 ||   380
       Repel Missiles    |       |     1 |       ||     1
       Mephitic Cloud    |       |     2 |     2 ||     4
       Conjure Flame     |       |     1 |     3 ||     4
       Call Imp          |       |       |     5 ||     5
       Blink             |       |       |     3 ||     3
 Stab: Sleeping          |     1 |     2 |     2 ||     5
  Eat: Chunk             |     1 |     3 |     4 ||     8
       Bread ration      |       |     2 |     1 ||     3
Armor: Robe              |     1 |    14 |    20 ||    35
Dodge: Dodged            |    15 |    26 |    36 ||    77
Block: Other             |       |     3 |    10 ||    13
